 Dungeon Crawl Stone Soup version 0.32-a0-306-gfed3edf829 (webtiles) character file.

Game seed: 18305351356747824075

150 Dittersdorf the Shield-Bearer (level 5, -5/33 HPs)
             Began as a Gargoyle Fighter on Feb 14, 2024.
             Incinerated by a bombardier beetle (6 damage)
             ... with a burning spray
             ... on level 3 of the Dungeon.
             The game lasted 00:01:25 (1664 turns).

Dittersdorf the Shield-Bearer (Gargoyle Fighter)    Turns: 1664, Time: 00:01:26

Health: -5/33      AC: 14    Str: 22    XL:     5   Next: 32%
Magic:  5/5        EV:  9    Int:  8    God:
Gold:   137        SH:  4    Dex:  9    Spells: 4/4 levels left

rFire   . . .        a - +0 flail
rCold   . . .        c - +0 buckler
rNeg    + . .        b - +0 scale mail
rPois   ∞            j - +0 helmet
rElec   +            (no cloak)
rCorr   .            f - +0 pair of gloves
SInv    .            e - +0 pair of boots
Will    .....        (no amulet) Stlth
                     (no ring)
HPRegen 0.25/turn    (no ring)
MPRegen 0.09/turn

%: no passive effects
@: on fire, glowing
A: sickness immunity, AC +4, negative energy resistance 1, electricity
resistance, torment resistance 1, petrification resistance
a: no special abilities


You were on level 3 of the Dungeon.
You visited 1 branch of the dungeon, and saw 3 of its levels.

You collected 137 gold pieces.

Inventory:

Hand Weapons
 a - a +0 flail (weapon)
Armour
 b - a +0 scale mail (worn)
 c - a +0 buckler (worn)
 e - a +0 pair of boots (worn)
 f - a +0 pair of gloves (worn)
 j - a +0 helmet (worn)
Jewellery
 q - an amulet of the acrobat
Wands
 p - a wand of flame (14)
Scrolls
 g - a scroll of blinking {unknown}
 i - 2 scrolls of teleportation {unknown}
 k - a scroll of summoning {unknown}
 m - a scroll of identify {unknown}
 n - a scroll of noise {unknown}
 o - a scroll of revelation {unknown}
Potions
 d - a potion of might
 h - 4 potions of heal wounds {unknown}
 l - 2 potions of curing {unknown}


   Skills:
 + Level 4.2 Fighting
 + Level 3.1 Maces & Flails
 + Level 4.2 Armour
 + Level 4.3 Shields


You had 4 spell levels left.
You didn't know any spells.
Your spell library was empty.

Dungeon Overview and Level Annotations

Branches:
Dungeon (3/15)

Altars:
Yredelemnul


Innate Abilities, Weirdness & Mutations

You are immune to sickness and miasma.
Your stone body is resilient. (AC +4)
You are immune to poison.
You resist negative energy. (rN+)
You are resistant to electric shocks. (rElec)
You are resistant to unholy torment.
You are immune to petrification.


Message History

The bombardier beetle barely misses you.
The quokka bites you.
You are too injured to fight recklessly!
You are too injured to fight recklessly!
You are too injured to fight recklessly!
You are too injured to fight recklessly!
You are too injured to fight recklessly!
You are too injured to fight recklessly!
You are too injured to fight recklessly!
You are too injured to fight recklessly!
You are too injured to fight recklessly!
You are too injured to fight recklessly!
You are too injured to fight recklessly!
You are too injured to fight recklessly!
You are too injured to fight recklessly!
You are too injured to fight recklessly!
You are too injured to fight recklessly!
You are too injured to fight recklessly!
You are too injured to fight recklessly!
You are too injured to fight recklessly!
You are too injured to fight recklessly!
You are too injured to fight recklessly!
You are too injured to fight recklessly!
You hit the bombardier beetle but do no damage.
The bombardier beetle is heavily wounded.
The liquid fire burns you!
* * * LOW HITPOINT WARNING * * *
The quokka closely misses you.
The bombardier beetle sprays incendiary fluid at you.
The burning spray hits you.
You are even more covered in liquid fire!
You hit the bombardier beetle but do no damage.
The bombardier beetle is heavily wounded.
The liquid fire burns you!
* * * LOW HITPOINT WARNING * * *
The quokka bites you but does no damage. x2
You hit the bombardier beetle but do no damage.
The bombardier beetle is heavily wounded.
The liquid fire burns you!
You die...

#...######
#.##..#..###...+
..#.#
#.##.##....##.##
###.#
..#..#..⌠|.#..#
#.#
##.##....##.##
#.#
#...###..'..#
###.#
#'#...####.##
.##.#
#.###...#..# .#
.# #...###...##
.# #..#.@r###.#
.# #.####B..###
.# #.. '#...# .#
#.# .# .## .# ..
.# # .. #.# ##
..


You could see a bombardier beetle and a quokka.

Vanquished Creatures
  Natasha (thrice) (D:2)
  An adder (D:3)
  A ribbon worm (D:2)
  A dart slug (D:1)
  3 bats
  2 endoplasms
  A giant cockroach (D:2)
  3 goblins
  2 hobgoblins
  4 kobolds
  4 quokkas
  5 ball pythons
  2 frilled lizards (D:2)
  5 rats
37 creatures vanquished.

Notes
Turn   | Place    | Note
-------+----------+-------------------------------------------
     0 | D:1      | Dittersdorf the Gargoyle Fighter began the quest for the
                  | Orb.
     0 | D:1      | Reached XP level 1. HP: 14/14 MP: 1/1
    64 | D:1      | Reached XP level 2. HP: 19/19 MP: 2/2
   212 | D:1      | Reached XP level 3. HP: 23/23 MP: 3/3
   429 | D:2      | Identified the +5 orcbow of the Dead {drain, Will+}
   431 | D:2      | Found a basalt altar of Yredelemnul.
   547 | D:2      | Noticed Natasha
   568 | D:2      | Killed Natasha
   569 | D:2      | Reached XP level 4. HP: 20/29 MP: 4/4
   777 | D:2      | Noticed Natasha
   782 | D:2      | Killed Natasha
   928 | D:2      | Noticed Natasha
   938 | D:2      | Killed Natasha
   939 | D:2      | Reached XP level 5. HP: 22/33 MP: 5/5
  1663 | D:3      | HP: 1/33 [burnt (6)]
  1664 | D:3      | Incinerated by a bombardier beetle

Illustrated notes

Levels and vault maps discovered:
D:1:      wander_arrival_estate, layout_rooms
D:2:      layout_basic, basic_altar, nrook_uturn, uniq_natasha
D:3:      minmay_skewed_foursquare, layout_basic, minmay_snake_closets

Skill      XL: |  1  2  3  4 |
---------------+-------------+-----
Fighting       | 4 |  4.2
Armour         | 4 |  4.2
Shields        | 4 |  4.3
Maces & Flails | 3 |  3.1

Action                     |  1- 3 |  4- 6 || total
---------------------------+-------+-------++-------
  Melee: Flail             |    76 |    65 ||   141
 Armour: Scale mail        |    55 |    54 ||   109
  Dodge: Dodged            |    36 |    27 ||    63
  Block: Buckler           |    14 |    13 ||    27

Table legend: (Time is in decaauts)
 A = Elapsed time spent in this place.
 B = Non-inter-level travel time spent in this place.
 C = Inter-level travel time spent in this place.
 D = Time resting spent in this place.
 E = Time spent auto-exploring this place.
 F = Levels seen in this place.
 G = Mean time per level.
                   A        B        C        D        E       F      G
               +--------+--------+--------+--------+--------+-----+--------+
         Total |   1723 |   1616 |    107 |     10 |   1239 |   3 |  574.3 |
       Dungeon |   1723 |   1616 |    107 |     10 |   1239 |   3 |  574.3 |
               +--------+--------+--------+--------+--------+-----+--------+

Top non-repeatable levels by time:
     D:2: 996 daAuts
     D:1: 441 daAuts
     D:3: 285 daAuts
